Map: Bridgehead LE (Void)

Players

TgfB

  • Race: Protoss Protoss
  • League: Master

Monty - Winner!

  • Race: Protoss Protoss
  • League: Master

Event: Lycan League Weekly August #3

VOD

Have the link to the VOD?

Description

Time

  • Played on: Aug. 17, 2015, 12:40 p.m.
  • Length: 4:35

All games in this series

Show
View Real Time Build Order
Export as new Build Order

TgfB Protoss 

Build Orders: Phoenix Opening 

Get SALT Encoding   

  12  0:01  Probe  
  13  0:16  Pylon  
  13  0:17  Probe  
  14  0:34  Probe (Chrono Boost)  
  15  0:37  Gateway  
  15  0:46  Probe (Chrono Boost), Assimilator  
  16  0:50  Assimilator  
  16  0:54  Probe (Chrono Boost)  
  17  1:04  Probe (Chrono Boost)  
  18  1:14  Probe (Chrono Boost)  
  19  1:21  Probe  
  19  1:24  Cybernetics Core  
  20  1:30  Pylon  
  20  1:33  Probe  
  21  1:45  Probe  
  22  1:57  Probe (Chrono Boost)  
  22  2:00  Stargate  
  25  2:09  Mothership Core (Chrono Boost)  
  25  2:18  Stalker (Chrono Boost)  
  27  2:23  Probe  
  27  2:26  Pylon  
  28  2:34  Warp Gate  
  28  2:39  Gateway  
  27  2:47  Phoenix (Chrono Boost)  
  27  2:48  Stalker (Chrono Boost)  
  31  2:59  Gateway  
  31  3:13  Phoenix (Chrono Boost)  
  31  3:26  Mothership Core  
  33  3:38  Pylon  
  35  3:41  Phoenix (Chrono Boost)  
  35  3:47  Probe  
  36  4:01  Pylon  
  36  4:05  Pylon  
  36  4:08  Pylon  
  36  4:10  Pylon  
  33  4:17  Pylon  
Show
View Real Time Build Order
Export as new Build Order

Monty Protoss - Winner!

Build Orders:  

Get SALT Encoding   

  12  0:01  Probe  
  13  0:20  Pylon  
  13  0:21  Probe  
  14  0:38  Probe (Chrono Boost)  
  14  0:41  Gateway  
  15  0:49  Probe (Chrono Boost), Assimilator  
  16  0:55  Probe  
  17  0:57  Assimilator  
  17  1:05  Gateway  
  17  1:08  Probe  
  18  1:20  Probe  
  19  1:28  Cybernetics Core  
  19  1:32  Probe  
  20  1:35  Pylon  
  20  1:44  Probe  
  21  1:56  Probe  
  21  1:58  Stalker x2  
  22  2:06  Warp Gate (Chrono Boost)  
  26  2:18  Gateway  
  26  2:28  Stalker  
  26  2:29  Stalker  
  30  2:41  Pylon  
  30  2:48  Pylon  
  30  3:00  Mothership Core  
  30  3:05  Pylon  
  30  3:27  Probe  
  31  3:38  Twilight Council  
  31  3:39  Probe  
  32  3:48  Stalker x3, Pylon  
  37  4:11  Stalker  
  37  4:13  Stalker x2  

Tags
 
Add a new tag
Caveats
  • Supply blocks, unpowered buildings, or Contaminate may cause inaccurate times.
  • Supply counts are checked every 10 seconds.